 Dungeon Crawl Stone Soup version 0.29-a0-1023-g6ae1a4a2c7 (webtiles) character file.

Game seed: 9677744005996636385

63 27heaven the Chopper (level 4, -6/38 (39) HPs)
             Began as a Hill Orc Fighter on Aug 11, 2022.
             Killed by divine providence
             ... invoked by an orc priest
              (16 damage)
             ... on level 3 of the Dungeon.
             The game lasted 00:03:57 (2659 turns).

27heaven the Chopper (Hill Orc Fighter)             Turns: 2659, Time: 00:03:57

HP:   -6/38 (39)    AC:  6    Str: 20    XL:     4   Next: 9%
MP:   4/4           EV:  9    Int:  8    God:
Gold: 177           SH:  4    Dex: 10    Spells: 3/3 levels left

rFire   . . .      SeeInvis .   a - +0 war axe
rCold   . . .      Faith    .   c - +0 buckler
rNeg    . . .      Spirit   .   b - +0 scale mail
rPois   .          Reflect  .   (no helmet)
rElec   .          Harm     .   (no cloak)
rCorr   .          Rampage  .   (no gloves)
Will    .....                   (no boots)
Stlth   ..........              (no amulet)
HPRegen 0.12/turn               (no ring)
MPRegen 0.09/turn               (no ring)

@: lightly drained
A: no striking features
a: Convert to Beogh


You were on level 3 of the Dungeon.
You visited 1 branch of the dungeon, and saw 3 of its levels.

You collected 177 gold pieces.

Inventory:

Hand Weapons
 a - a +0 war axe (weapon)
Armour
 b - a +0 scale mail (worn)
 c - a +0 buckler (worn)
Scrolls
 e - 5 scrolls of identify {unknown}
 g - a scroll of enchant armour {unknown}
 j - a scroll of teleportation {unknown}
 l - a scroll of immolation {unknown}
 o - a scroll of brand weapon {unknown}
 p - 3 scrolls of torment {unknown}
 q - a scroll of amnesia {unknown}
 r - a scroll of noise {unknown}
Potions
 d - 2 potions of might
 f - a potion of degeneration {unknown}
 h - a potion of heal wounds {unknown}
 i - a potion of cancellation {unknown}
 k - 2 potions of brilliance {unknown}
 m - 2 potions of curing {unknown}
 n - a potion of invisibility {unknown}
 s - a potion of mutation {unknown}


   Skills:
 - Level 3.6 Fighting
 + Level 5.7 Axes
 - Level 3.2 Armour
 - Level 3.2 Shields


You had 3 spell levels left.
You didn't know any spells.
Your spell library was empty.

Dungeon Overview and Level Annotations

Branches:
Dungeon (3/15)

Altars:
Uskayaw

Annotations:
D:2 Crazy Yiuf


Message History

An orc comes into view. It is wielding a +0 club.
The orc completely misses you.
The orc priest shouts!
The orc priest threatens, "By the altar or by the axe, you will meet Beogh!" (press Y on the ability menu to convert to Beogh)
You slash the orc!
You kill the orc!
You have reached level 4!
Unknown command.
Unknown command.
An orc priest comes into view. It is wielding a +0 flail.
The orc priest mumbles some strange prayers to Beogh against you.
Beogh smites you!
You hear a shout!
A goblin comes into view. It is wielding a +0 club.
You barely miss the frilled lizard.
The frilled lizard bites you but does no damage.
You hit the goblin.
The goblin is moderately wounded.
You barely miss the frilled lizard. The frilled lizard barely misses you.
The goblin hits you but does no damage. The frilled lizard bites you.
You block the goblin's attack.
You miss the frilled lizard. You closely miss the goblin.
The frilled lizard bites you. The goblin hits you with a +0 club.
You slash the frilled lizard!
You kill the frilled lizard!
The orc priest shouts, "Surrender to Beogh and we'll let you live!"
You slash the goblin!
You kill the goblin!
You closely miss the orc. The orc closely misses you.
You slash the orc!
You kill the orc!
The orc priest shouts!
The orc priest calls down the wrath of Beogh upon you.
Beogh smites you!
* * * LOW HITPOINT WARNING * * *
Okay, then.
The orc priest mumbles some strange prayers to Beogh against you.
Beogh smites you!
You die...

... ..# ..#
##.# ##....
###.)#
######.).#
#.......##
#.####.@.##
#.# #.o.)#
#.#
##......#
#.# ##..o.##
#.# ###/..#
#.# ....#
#.# #.....
##########.#
#....
...........#
####


You could see 2 orc priests.

Vanquished Creatures
  A worm (D:2)
  2 dart slugs (D:1)
  2 orcs (D:3)
  4 endoplasms
  2 giant cockroaches (D:2)
  7 goblins
  4 hobgoblins
  2 jackals (D:1)
  3 kobolds (D:2)
  A quokka (D:3)
  7 ball pythons
  7 bats
  3 frilled lizards
  6 rats
51 creatures vanquished.

Notes
Turn   | Place    | Note
-------+----------+-------------------------------------------
     0 | D:1      | 27heaven the Hill Orc Fighter began the quest for the Orb.
     0 | D:1      | Reached XP level 1. HP: 19/19 MP: 1/1
    86 | D:1      | Reached skill level 3 in Axes
   120 | D:1      | Reached XP level 2. HP: 22/26 MP: 2/2
   273 | D:1      | Reached skill level 4 in Axes
   870 | D:2      | Found a hide-covered altar of Uskayaw.
   922 | D:2      | Reached XP level 3. HP: 24/31 MP: 3/3
  1444 | D:2      | Reached skill level 5 in Axes
  1900 | D:2      | Found a runed translucent door.
  1900 | D:2      | Found the +6 shillelagh "Devastator" {shatter}
  1901 | D:2      | Noticed Crazy Yiuf
  2647 | D:3      | Reached XP level 4. HP: 38/38 MP: 4/4
  2659 | D:3      | Killed from afar by an orc priest

Illustrated notes

Levels and vault maps discovered:
D:1:      doesnt_arrival_eight_statues, layout_loops_ring
D:2:      layout_loops_cross, basic_altar, hangedman_glass_teeth,
          feat_on_display, uniq_crazy_yiuf_cottage
D:3:      layout_basic, minmay_fractal_squares_gapless_5

Skill      XL: |  1  2  3 |
---------------+----------+-----
Axes           | 3 4 5 |  5.7
Fighting       | |  3.6
Armour         | |  3.2
Shields        | |  3.2

Action                   |  1- 3 |  4- 6 || total
-------------------------+-------+-------++-------
Melee: War axe           |   136 |     6 ||   142
Armor: Scale mail        |    64 |     2 ||    66
Dodge: Dodged            |    72 |     2 ||    74
Block: Buckler           |    28 |     1 ||    29

Table legend: (Time is in decaauts)
 A = Elapsed time spent in this place.
 B = Non-inter-level travel time spent in this place.
 C = Inter-level travel time spent in this place.
 D = Time resting spent in this place.
 E = Time spent auto-exploring this place.
 F = Levels seen in this place.
 G = Mean time per level.
                   A        B        C        D        E       F      G
               +--------+--------+--------+--------+--------+-----+--------+
         Total |   2706 |   2664 |     42 |    237 |   1884 |   3 |  902.0 |
       Dungeon |   2706 |   2664 |     42 |    237 |   1884 |   3 |  902.0 |
               +--------+--------+--------+--------+--------+-----+--------+

Top non-repeatable levels by time:
     D:1: 1171 daAuts
     D:2: 1152 daAuts
     D:3: 382 daAuts
